 Dungeon Crawl Stone Soup version 0.24-a0-582-g4d4af81 (webtiles) character file.

Game seed: 3480591962798556822

119 ArcanElement the Magician (level 4, 0/26 HPs)
             Began as a Deep Elf Wizard on Aug 26, 2019.
             Slain by an orc
             ... wielding a +0 flail
              (2 damage)
             ... on level 3 of the Dungeon.
             The game lasted 00:04:50 (2266 turns).

ArcanElement the Magician (Deep Elf Wizard)         Turns: 2266, Time: 00:04:51

Health: 0/26       AC:  2    Str:  4    XL:     4   Next: 73%
Magic:  0/13       EV: 14    Int: 24    God:
Gold:   51         SH:  6    Dex: 13    Spells: 1/14 levels left

rFire    . . .     SeeInvis .   n - +2 dagger (flame)
rCold    . . .     Gourm    .   (no shield)
rNeg     . . .     Faith    .   a - +0 robe
rPois    .         Spirit   .   b - +0 hat
rElec    .         Reflect  +   (no cloak)
rCorr    .         Harm     .   (no gloves)
MR       .....                  (no boots)
Stlth    ++........             g - +6 amulet of reflection
HPRegen  0.08/turn              (no ring)
MPRegen  0.13/turn              (no ring)

@: no status effects
A: no striking features
a: no special abilities


You were on level 3 of the Dungeon.
You were not hungry.

You visited 1 branch of the dungeon, and saw 3 of its levels.

You collected 51 gold pieces.

Inventory:

Hand Weapons
 n - a +2 dagger of flaming (weapon)
 p - a +0 spear of venom
Missiles
 k - 53 arrows
Armour
 a - a +0 robe (worn)
 b - a +0 hat (worn)
Jewellery
 g - a +6 amulet of reflection (around neck)
Wands
 m - a wand of enslavement (11)
Scrolls
 c - a scroll of identify
 e - a scroll of remove curse
 i - a scroll of teleportation
Potions
 h - a potion of lignification
 o - a potion of degeneration {unknown}
Comestibles
 d - 7 rations
 l - 6 chunks of flesh


   Skills:
 + Level 1.9 Fighting
 + Level 3.9 Dodging
 - Level 2.4 Stealth
 + Level 5.6 Spellcasting
 - Level 1.1 Conjurations
 - Level 1.1 Summonings
 - Level 1.1 Translocations


You had one spell level left.
You knew the following spells:

 Your Spells              Type           Power        Failure   Level  Hunger
a - Magic Dart            Conj           ##..         5%          1    None
b - Blink                 Tloc           N/A          8%          2    None
c - Call Imp              Summ           ##......     8%          2    None
d - Slow                  Hex            #.......     12%         2    None
e - Mephitic Cloud        Conj/Pois/Air  #.......     22%         3    #......
f - Conjure Flame         Conj/Fire      #.......     21%         3    #......

Your spell library contained the following spells:

 Spells                   Type           Power        Failure   Level  Hunger


Dungeon Overview and Level Annotations

Branches:
Dungeon (3/15)

Altars:
Gozag
Trog
Zin

Annotations:
D:3 Grinder


Message History

The orc is heavily wounded.
The orc closely misses you.
Casting: Magic Dart (safe; 5% risk of failure)
Confirm with . or Enter, or press ? or * to list all spells.
Aiming: Magic Dart (safe; 5% risk of failure)
Press: ? - help, Shift-Dir - straight line, f/p - orc
Aim: an orc, wielding a +0 flail and wearing a +0 scale mail (heavily wounded)
The magic dart hits the orc.
The orc is almost dead.
The orc barely misses you.
You hit the orc but do no damage.
The orc is almost dead.
You closely miss the orc.
The orc is almost dead.
The orc hits you with a +0 flail.
* * * LOW HITPOINT WARNING * * *
You closely miss the orc.
The orc is almost dead.
The orc hits you with a +0 flail.
You die...

#....!........#
#.............#
#....)†.......#
#....o........#
#.............#
#.....o.......#
###########.###
##########.#
#..@o......#
#.########## #


You could see an orc.

Vanquished Creatures
  An orc priest (D:3)
  An adder (D:2)
  A dart slug (D:2)
  2 leopard geckos
  7 bats
  5 giant cockroaches
  10 hobgoblins
  11 jackals
  3 kobolds
  4 frilled lizards (D:2)
  14 goblins
  6 rats
65 creatures vanquished.

Vanquished Creatures (collateral kills)
  A worm (D:2)
1 creature vanquished.

Grand Total: 66 creatures vanquished

Notes
Turn   | Place    | Note
-------+----------+-------------------------------------------
     0 | D:1      | ArcanElement the Deep Elf Wizard began the quest for the
                  | Orb.
     0 | D:1      | Reached XP level 1. HP: 10/10 MP: 7/7
   254 | D:1      | Reached XP level 2. HP: 11/16 MP: 0/9
   258 | D:1      | Learned a level 2 spell: Blink
   261 | D:1      | Learned a level 2 spell: Call Imp
   264 | D:1      | Learned a level 2 spell: Slow
   579 | D:1      | Reached skill level 1 in Fighting
   871 | D:1      | Reached skill level 5 in Spellcasting
   871 | D:1      | Reached XP level 3. HP: 20/20 MP: 7/11
   876 | D:1      | Learned a level 3 spell: Mephitic Cloud
  1066 | D:2      | Found an opulent altar of Gozag.
  1655 | D:2      | Reached XP level 4. HP: 25/25 MP: 5/13
  1658 | D:2      | Found a bloodstained altar of Trog.
  1742 | D:2      | Found a glowing silver altar of Zin.
  2061 | D:2      | Learned a level 3 spell: Conjure Flame
  2201 | D:3      | Noticed Grinder
  2226 | D:3      | Paralysed by Grinder for 3 turns
  2239 | D:3      | HP: 1/26 [orc/+0 flail (5)]
  2265 | D:3      | HP: 1/26 [orc/+0 flail (6)]
  2266 | D:3      | Slain by an orc

Levels and vault maps discovered:
D:1:      co_arrival_random_square_maze, layout_loops_ring
D:2:      layout_loops_corners, marbit_many_paths,
          lemuel_coloured_pillars_altar, overflow_temple_1_default, first_ration
D:3:      layout_basic, lightli_sewer_entry_pipes, serial_corexii_hall,
          chequers_hall_statues_wall_a, corexii_hall_statues_t, uniq_terence,
          uniq_grinder

Skill      XL: |  1  2 |
---------------+-------+-----
Dodging        | 3 |  3.9
Fighting       | 1 |  1.9
Spellcasting   | 5 |  5.6
Stealth        | |  2.4
Conjurations   | |  1.1
Summonings     | |  1.1
Translocations | |  1.1

Action                   |  1- 3 |  4- 6 || total
-------------------------+-------+-------++-------
Melee: Unarmed           |     6 |       ||     6
       Dagger            |       |    16 ||    16
 Cast: Magic Dart        |   102 |    34 ||   136
       Call Imp          |     3 |       ||     3
       Conjure Flame     |       |     1 ||     1
       Mephitic Cloud    |       |     1 ||     1
       Blink             |       |     1 ||     1
  Use: Scroll            |       |     7 ||     7
       Potion            |       |     1 ||     1
 Stab: Sleeping          |       |     2 ||     2
  Eat: Chunk             |     2 |     2 ||     4
Armor: Robe              |    10 |     3 ||    13
Dodge: Dodged            |    18 |    15 ||    33
Block: Other             |       |     5 ||     5

Table legend:
 A = Non-vault XP
 B = Vault XP
 C = Vault XP percentage of total XP
 D = Non-vault monster count
 E = Vault monster count
 F = Vault count percentage of total count
                 A         B        C        D         E       F
            +---------+---------+-------+---------+---------+-------
      Total |     168 |       2 |   1.2 |      65 |       1 |   1.5
            +---------+---------+-------+---------+---------+-------
        D:1 |      46 |       0 |   0.0 |      26 |       0 |   0.0
        D:2 |      71 |       2 |   2.7 |      32 |       1 |   3.0
        D:3 |      51 |       0 |   0.0 |       7 |       0 |   0.0
            +---------+---------+-------+---------+---------+-------
